 Dungeon Crawl Stone Soup version 0.22.1 (webtiles) character file.

32 geeseburger the Skirmisher (level 3, -2/31 HPs)
             Began as a Formicid Abyssal Knight on Sept 19, 2018.
             Was a Follower of Lugonu.
             Slain by a kobold
             ... wielding a +0 whip
              (4 damage)
             ... on level 2 of the Dungeon.
             The game lasted 00:03:10 (1300 turns).

geeseburger the Skirmisher (FoAK)                   Turns: 1300, Time: 00:03:11

Health: -2/31      AC:  3    Str: 17    XL:     3   Next: 45%
Magic:  4/4        EV: 10    Int: 11    God:    Lugonu [*.....]
Gold:   76         SH:  4    Dex: 10    Spells: 2/2 levels left

rFire    . . .     SeeInvis +   a - +1 falchion
rCold    . . .     Gourm    .   g - +1 buckler
rNeg     . . .     Faith    .   b - +0 leather armour
rPois    .         Spirit   .   (helmet unavailable)
rElec    .         Reflect  .   (no cloak)
rCorr    .         Harm     .   (no gloves)
MR       .....                  (no boots)
Stlth    +.........             (no amulet)
HPRegen  0.10/turn              (no ring)
MPRegen  0.09/turn              (no ring)

@: no status effects
A: permanent stasis, dig shafts and tunnels, four strong arms, antennae 3
a: Dig, Shaft Self, Depart the Abyss, Renounce Religion


You were on level 2 of the Dungeon.
You worshipped Lugonu.
Lugonu was aware of your devotion.
You were not hungry.

You visited 1 branch of the dungeon, and saw 2 of its levels.
You visited the Abyss 1 time.

You collected 76 gold pieces.

Inventory:

Hand Weapons
 a - a +1 falchion (weapon)
Armour
 b - a +0 leather armour (worn)
 g - a +1 buckler (worn)
Scrolls
 d - a scroll of enchant armour
 e - a scroll of teleportation
 f - a scroll of blinking
 i - a scroll of remove curse
Comestibles
 c - 3 rations


   Skills:
 * Level 4.7 Fighting
 - Level 2.0 Long Blades
 - Level 2.1 Armour
 - Level 0.8 Dodging
 - Level 2.1 Invocations


You had 2 spell levels left.
You didn't know any spells.
Your spell library was empty.

Dungeon Overview and Level Annotations

Branches:
Dungeon (2/15)

Altars:
Nemelex Xobeh


Innate Abilities, Weirdness & Mutations

You cannot be hasted, slowed, berserked, paralysed or teleported.
You can dig through walls and to a lower floor.
Your four strong arms can wield two-handed weapons with a shield.
You have a pair of large antennae on your head. (SInv)


Message History

You block the kobold's attack. The kobold barely misses you.
You riposte.
You barely miss the kobold. The kobold barely misses you.
You barely miss the kobold.
The kobold is moderately wounded.
The kobold barely misses you. You block the kobold's attack.
The kobold hits you but does no damage.
You hit the kobold but do no damage. The kobold hits you with a whip.
* * * LOW HITPOINT WARNING * * *
You block the kobold's attack.
You hit the kobold.
The kobold is moderately wounded.
The kobold closely misses you.
You riposte.
You closely miss the kobold.
The kobold is moderately wounded.
The kobold hits you.
* * * LOW HITPOINT WARNING * * *
You hit the kobold.
You kill the kobold!
Lugonu accepts your kill. The kobold hits you with a whip.
You die...

#......# #......#
#......# #......#
#......# #......#
..#######......##
..'...K@K((.(...+
..#########.#####
##.#.#..# {
#.....#.#
#####.#.##..#
#.....(.....#
#...#.#.#....#
#...<........#
#####.#.####..#


You could see 2 kobolds.

Vanquished Creatures
  An adder (D:2)
  4 giant cockroaches
  5 hobgoblins
  A ball python (D:1)
  3 bats
  A frilled lizard (D:1)
  5 kobolds
  3 rats
23 creatures vanquished.

Notes
Turn   | Place    | Note
-------+----------+-------------------------------------------
     0 | Abyss:1  | geeseburger the Formicid Abyssal Knight began the quest for
                  | the Orb.
     0 | Abyss:1  | Reached XP level 1. HP: 18/18 MP: 2/2
    53 | Abyss:1  | Noticed a large abomination
    59 | Abyss:1  | Noticed a worldbinder
    62 | Abyss:1  | Noticed a naga
    62 | Abyss:1  | Noticed a black mamba
    62 | Abyss:1  | Noticed a naga
    62 | D:1      | Escaped the Abyss
   335 | D:1      | Reached XP level 2. HP: 17/25 MP: 3/3
   436 | D:1      | Reached * piety under Lugonu
   441 | D:1      | Reached skill level 4 in Fighting
   472 | D:1      | Found a sparkling altar of Nemelex Xobeh.
  1218 | D:2      | Reached XP level 3. HP: 24/31 MP: 4/4
  1300 | D:2      | Slain by a kobold

Skill      XL: |  1  2 |
---------------+-------+-----
Fighting       | 4 |  4.7
Long Blades    | |  2.0
Armour         | |  2.1
Dodging        | |  0.8
Invocations    | |  2.1

Action                   || total
-------------------------++-------
Melee: Falchion          ||    73
Invok: Depart the Abyss  ||     1
  Use: Scroll            ||     4
  Eat: Ration            ||     1
Armor: Leather armour    ||    20
Dodge: Dodged            ||    44
Block: Buckler           ||    10
       Rpst.: Falchion   ||    16
